 Dungeon Crawl Stone Soup version 0.31.0-32-g396128a36d (webtiles) character file.

Game seed: 11494994486516651461

8648 PaiMei the Merchant of Misery (level 11, -3/87 HPs)
             Began as a Demonspawn Necromancer on Apr 1, 2024.
             Was a Believer of Kikubaaqudgha.
             Slain by a yak (15 damage)
             ... on level 1 of the Lair of Beasts.
             The game lasted 00:26:07 (15450 turns).

PaiMei the Merchant of Misery (DsNe)               Turns: 15450, Time: 00:26:07

Health: -3/87      AC:  6    Str:  9    XL:     11   Next: 12%
Magic:  5/32       EV: 15    Int: 25    God:    Kikubaaqudgha [**....]
Gold:   321        SH:  0    Dex: 14    Spells: 13/26 levels left

rFire   + . .        O - +3 short sword (speed)
rCold   + . .        (no shield)
rNeg    . . .        E - +2 robe {rC+ rF+}
rPois   .            (no helmet)
rElec   .            (no cloak)
rCorr   .            (no gloves)
SInv    .            (no boots)
Will    .....        (no amulet)
Stlth   ++           g - +6 ring of intelligence
HPRegen 0.34/turn    H - ring of magical power
MPRegen 0.23/turn

%: no passive effects
@: no status effects
A: ignite blood 2, sharp scales 2, demonic touch 2
a: Renounce Religion, Unearth Wretches


You were on level 1 of the Lair of Beasts.
You worshipped Kikubaaqudgha.
Kikubaaqudgha was pleased with you.
You visited 3 branches of the dungeon, and saw 13 of its levels.
You also visited: Sewer.

You collected 696 gold pieces.
You spent 375 gold pieces at shops.

Inventory:

Hand Weapons
 I - a +2 mace of venom
 O - a +3 short sword of speed (weapon)
 Q - a +2 flail of protection
 W - the +5 woodcutter's axe
   (You found it on level 9 of the Dungeon)
Missiles
 q - 19 poisoned darts
 D - a throwing net
 Z - a curare-tipped dart
Armour
 c - a +0 tower shield
 u - a +2 scale mail of fire resistance
 E - a +2 robe of resistance (worn)
 G - a +2 scale mail of poison resistance
 L - a +2 robe of positive energy
Jewellery
 a - a ring of see invisible
 d - a ring of flight
 e - a ring of magical power
 g - a +6 ring of intelligence (left hand)
 h - a ring of protection from cold
 A - a +6 ring of intelligence
 F - a ring of wizardry
 H - a ring of magical power (right hand)
 R - a ring of magical power
Wands
 t - a wand of light (6)
 J - a wand of iceblast (15)
 N - a wand of mindburst (32)
 P - a wand of flame (4)
Scrolls
 f - 2 scrolls of teleportation
 j - 3 scrolls of revelation
 k - a scroll of poison
 m - 2 scrolls of acquirement
 o - 2 scrolls of fog
 p - 2 scrolls of summoning
 v - a scroll of brand weapon {unknown}
 w - 2 scrolls of silence
 y - 3 scrolls of blinking
 B - 2 scrolls of vulnerability
 C - 3 scrolls of enchant weapon
 K - 2 scrolls of identify
 U - a scroll of torment {unknown}
 Y - a scroll of enchant armour {unknown}
Potions
 b - 2 potions of magic
 i - a potion of resistance {unknown}
 l - 7 potions of curing
 n - 5 potions of lignification
 r - 3 potions of ambrosia
 s - a potion of attraction {unknown}
 x - 3 potions of cancellation
 z - 5 potions of heal wounds
 M - a potion of enlightenment {unknown}
 S - a potion of haste {unknown}
 T - a potion of berserk rage {unknown}
 V - a potion of mutation {unknown}
Miscellaneous
 X - a box of beasts


   Skills:
 + Level 8.5 Fighting
 + Level 8.2 Dodging
 - Level 2.4 Stealth
 + Level 8.2 Spellcasting
 + Level 10.5 Necromancy


You had 13 spell levels left.
You knew the following spells:

 Your Spells              Type           Power      Damage    Failure   Level
a - Necrotise             Necr           100%       1d9       1%          1
b - Vampiric Draining     Necr           58%        2d10      1%          3
c - Animate Dead          Necr           58%        N/A       1%          4
d - Curse of Agony        Necr           58%        N/A       2%          5

Your spell library contained the following spells:

 Spells                   Type           Power      Damage    Failure   Level
 Kiss of Death            Conj/Necr      100%       2d13      1%          1
 Fugue of the Fallen      Necr           58%        N/A       1%          3
 Freeze                   Ice            40%        1d6       6%          1
 Anguish                  Hex/Necr       18%        N/A       7%          4
 Ensorcelled Hibernation  Hex/Ice        20%        N/A       9%          2
 Jinxbite                 Hex            20%        N/A       9%          2
 Static Discharge         Conj/Air       20%        3-4/arc   9%          2
 Call Canine Familiar     Summ           10%        N/A       19%         3
 Frozen Ramparts          Ice            20%        1d4       19%         3
 Hailstorm                Conj/Ice       10%        3d6       19%         3
 Ozocubu's Armour         Ice            10%        N/A       19%         3
 Passwall                 Erth           10%        N/A       19%         3
 Sigil of Binding         Hex            10%        N/A       19%         3
 Swiftness                Air            10%        N/A       19%         3
 Airstrike                Air            5%         2d(1-17)  52%         4
 Dimensional Bullseye     Hex/Tloc       5%         N/A       52%         4
 Summon Lightning Spire   Summ/Air       10%        N/A       52%         4
 Metabolic Englaciation   Hex/Ice        5%         N/A       86%         5
 Yara's Violent Unravell  Hex/Alch       5%         3d4       86%         5
 Sculpt Simulacrum        Ice/Alch       5%         N/A       100%        6
 Enfeeble                 Hex            5%         N/A       100%        7


Dungeon Overview and Level Annotations

Branches:
Dungeon (11/15)            Temple (1/1) D:4            Lair (1/5) D:9
    Orc (0/2) D:10          Sewer (visited)

Altars:
Ashenzari
Cheibriados
Dithmenos
Fedhas
Gozag
Hepliaklqana
Kikubaaqudgha
Makhleb
Nemelex Xobeh
Okawaru
Qazlal
Ru
Sif Muna
Trog
Uskayaw
Vehumet
Wu Jian
Xom
Yredelemnul

Shops:
D:3 [   D:4 (   D:10 *==?[*

Annotations:
D:6 1 runed translucent door, Crazy Yiuf
D:10 3 runed translucent doors, Paroxsymal's ghost, novice DsFi
Lair:1 Erica


Innate Abilities, Weirdness & Mutations

Your demonic aura often causes spilled blood to erupt in flames.
You are mostly covered in razor-sharp scales. (AC +2, Slay +2)
Your touch may inflict irresistible damage on your foes.


Message History

Confirm with . or Enter, or press ? or * to list all spells.
You don't have enough magic to cast this spell.
You hit the yak.
The yak is lightly wounded.
The yak is engulfed in blazing flames.
The yak closely misses you.
The yak is engulfed in blazing flames.
The yak gores you!
The basilisk is engulfed in blazing flames.
The basilisk gazes at you.
You are slowing down.
As you read the scroll of teleportation, it crumbles to dust.
You feel strangely unstable. The yak gores you.
Your limbs are stiffening.
The basilisk attacks as it pursues you! The basilisk bites you! x2
You have turned to stone.
The basilisk gazes at you. You resist with some effort.
Your surroundings suddenly seem different.
Found a stone staircase leading down.
The yak gores you! The yak gores you. The yak gores you!
* * * LOW HITPOINT WARNING * * *
The yak gores you!
* * * LOW HITPOINT WARNING * * *
The yak barely misses you. The yak gores you!
* * * LOW HITPOINT WARNING * * *
The yak gores you!
* * * LOW HITPOINT WARNING * * *
The yak gores you.
* * * LOW HITPOINT WARNING * * *
You turn to flesh and can move again.
You see here a wolf corpse.
Unknown command.
You feel much better. The yak gores you! The yak gores you.
* * * LOW HITPOINT WARNING * * *
The yak gores you!
* * * LOW HITPOINT WARNING * * *
Found a scroll labelled HIFETAEPPI.
The yak gores you!
You die...
Kikubaaqudgha rasps: "You have failed me!
Welcome... death!"

######## ### ##...
#.##P#P####.###.... ##..
..........).##....##....
............#..# .......
............#..# ..8...8
............†..# ....>.?
#############..# ..8...8
#.Y##.......
#lY○@.......
#.#Y...##### ###
##.##...... ... ...
##..... ... .... .#+##
... ....... . ... ......
. ##. ###PPP P#


You could see 3 yaks and a basilisk.

Vanquished Creatures
  Pikel (D:5)
  A black mamba (Lair:1)
  A kobold demonologist (D:10)
  2 trolls
  3 shadows
  10 yaks
  A basilisk (Lair:1)
  3 steam dragons
  Edmund (D:5)
  3 acid dragons
  5 water moccasins
  2 sky beasts (D:7)
  An orc warrior (D:10)
  An ice beast (D:7)
  Pargi (Sewer)
  An ogre (D:7)
  A black bear (D:6)
  4 centaurs
  3 wolves (Lair:1)
  2 phantoms
  6 bullfrogs
  A brain worm (Sewer)
  5 kobold brigands
  A gnoll sergeant (D:8)
  2 scorpions
  4 wights
  5 howler monkeys
  An electric eel (D:10)
  2 orc priests
  4 bombardier beetles
  6 hounds
  5 iguanas
  3 jellies
  Jessica (D:3)
  7 orc wizards
  12 gnolls
  2 river rats (D:4)
  7 adders
  A shadow imp (D:5)
  A white imp (D:6)
  3 dart slugs
  39 orcs
  5 endoplasms
  5 giant cockroaches
  4 goblins
  7 hobgoblins
  3 jackals (D:4)
  2 quokkas
  11 ball pythons
  2 bats (D:1)
  3 frilled lizards
  20 kobolds
  10 rats
237 creatures vanquished.

Vanquished Creatures (collateral kills)
  A howler monkey (D:9)
  A kobold (D:10)
  2 rats
4 creatures vanquished.

Grand Total: 241 creatures vanquished

Notes
Turn   | Place    | Note
-------+----------+-------------------------------------------
     0 | D:1      | PaiMei the Demonspawn Necromancer began the quest for the
                  | Orb.
     0 | D:1      | Reached XP level 1. HP: 13/13 MP: 3/3
   193 | D:1      | Gained mutation: Your touch may inflict minor irresistible
                  | damage on your foes. [demonic ancestry]
   193 | D:1      | Reached XP level 2. HP: 19/19 MP: 3/5
  1414 | D:2      | Reached XP level 3. HP: 24/24 MP: 3/6
  1418 | D:2      | Learned a level 3 spell: Vampiric Draining
  2254 | D:3      | You fall into a shaft and drop 1 floor!
  2397 | D:4      | Reached XP level 4. HP: 15/31 MP: 0/8
  2405 | D:4      | Reached skill level 5 in Necromancy
  2505 | D:4      | Reached skill level 1 in Fighting
  2531 | D:4      | Found a glowing drain.
  2540 | Sewer    | Entered a sewer
  2641 | Sewer    | Noticed a brain worm
  2646 | Sewer    | Killed a brain worm
  2647 | Sewer    | Reached XP level 5. HP: 29/37 MP: 0/9
  2962 | Sewer    | Noticed Pargi
  2973 | Sewer    | Killed Pargi
  3236 | Sewer    | Gained mutation: You are partially covered in razor-sharp
                  | scales. (AC +1, Slay +1) [demonic ancestry]
  3236 | Sewer    | Reached XP level 6. HP: 44/44 MP: 3/11
  3459 | D:4      | Found a staircase to the Ecumenical Temple.
  3473 | Temple   | Entered the Ecumenical Temple
  4210 | D:4      | Found Veiffesch's Weapon Emporium.
  4465 | D:3      | Gained mutation: Your touch may inflict irresistible damage
                  | on your foes. [demonic ancestry]
  4465 | D:3      | Reached XP level 7. HP: 51/51 MP: 10/12
  4560 | D:3      | Noticed Jessica
  4566 | D:3      | Killed Jessica
  4567 | D:3      | Reached skill level 6 in Necromancy
  4906 | D:3      | Found Kaeschahocs's Armour Shop.
  5101 | D:3      | Found a faded altar of an unknown god.
  5662 | D:5      | Entered Level 5 of the Dungeon
  5662 | D:5      | Noticed a yak
  5663 | D:5      | Noticed a yak
  5822 | D:5      | Noticed a yak
  5830 | D:4      | Killed a yak
  6178 | D:5      | Noticed Pikel
  6209 | D:5      | Noticed Edmund
  6225 | D:5      | Killed Edmund
  6226 | D:5      | Gained mutation: You are mostly covered in razor-sharp
                  | scales. (AC +2, Slay +2) [demonic ancestry]
  6226 | D:5      | Reached XP level 8. HP: 41/60 MP: 0/15
  6669 | D:4      | Reached skill level 5 in Spellcasting
  6669 | D:4      | Reached skill level 7 in Necromancy
  6753 | D:4      | Reached skill level 5 in Dodging
  7041 | D:5      | Killed Pikel
  7042 | D:5      | Reached skill level 5 in Fighting
  7042 | D:5      | Gained mutation: Your demonic aura sometimes causes spilled
                  | blood to erupt in flames. [demonic ancestry]
  7042 | D:5      | Reached XP level 9. HP: 38/68 MP: 1/17
  7576 | D:6      | Found an ancient bone altar of Kikubaaqudgha.
  7585 | D:6      | Became a worshipper of Kikubaaqudgha
  7730 | D:6      | Reached skill level 8 in Necromancy
  8097 | D:6      | Found a runed translucent door.
  8098 | D:6      | Noticed Crazy Yiuf
  8765 | D:7      | Reached * piety under Kikubaaqudgha
  8765 | D:7      | Received a gift from Kikubaaqudgha
  9115 | D:7      | Reached skill level 9 in Necromancy
  9491 | D:7      | Found a basalt altar of Yredelemnul.
  9491 | D:7      | Found a shimmering blue altar of Sif Muna.
  9501 | D:7      | Reached XP level 10. HP: 77/77 MP: 20/20
 11194 | D:9      | Found a hazy altar of Hepliaklqana.
 11511 | D:9      | Reached ** piety under Kikubaaqudgha
 11758 | D:9      | Found a staircase to the Lair.
 11812 | D:9      | Found the +5 woodcutter's axe
 12134 | Lair:1   | Entered Level 1 of the Lair of Beasts
 12174 | Lair:1   | Noticed Erica
 12229 | D:10     | Entered Level 10 of the Dungeon
 12604 | D:10     | Learned a level 4 spell: Animate Dead
 12610 | D:10     | Learned a level 5 spell: Curse of Agony
 12790 | D:10     | Noticed a gargoyle
 12828 | D:10     | Found a staircase to the Orcish Mines.
 12961 | D:10     | Found Efuh's Jewellery Shop.
 12965 | D:10     | Found Utuwnob's General Store.
 12965 | D:10     | Found Atiqan's Jewellery Shoppe.
 12966 | D:10     | Found Zuvefyurua's Magic Scroll Emporium.
 12966 | D:10     | Found Aratt's Antique Armour Shop.
 12975 | D:10     | Reached skill level 10 in Necromancy
 13129 | D:10     | Bought a scroll of identify for 26 gold pieces
 13129 | D:10     | Bought a scroll of identify for 26 gold pieces
 13129 | D:10     | Bought a potion of heal wounds for 65 gold pieces
 13133 | D:10     | Bought a scroll of blinking for 82 gold pieces
 13133 | D:10     | Bought a scroll of identify for 22 gold pieces
 13133 | D:10     | Bought a scroll of identify for 22 gold pieces
 13133 | D:10     | Bought a scroll of identify for 22 gold pieces
 13428 | D:10     | Found a runed translucent gate.
 13428 | D:10     | Found a runed translucent gate.
 13428 | D:10     | Found a runed translucent gate.
 13429 | D:10     | Noticed Paroxsymal's ghost (novice DsFi)
 13431 | D:10     | Noticed a spectral centaur warrior
 13432 | D:10     | Noticed a spectral wolf spider
 13952 | D:10     | Found Ronoxid's Specific Store.
 13952 | D:10     | Found Xidigoutz's General Store.
 13961 | D:10     | Bought a scroll of teleportation for 45 gold pieces
 13965 | D:10     | Bought a potion of heal wounds for 65 gold pieces
 14321 | D:10     | Noticed a spectral centaur warrior
 14382 | D:10     | Identified 2 scrolls of acquirement
 14858 | D:11     | Noticed a gargoyle
 14993 | Lair:1   | Gained mutation: Your demonic aura often causes spilled
                  | blood to erupt in flames. [demonic ancestry]
 14993 | Lair:1   | Reached XP level 11. HP: 66/86 MP: 4/23
 15450 | Lair:1   | Slain by a yak

Illustrated notes

Levels and vault maps discovered:
D:1:      dpeg_arrival_rooms_with_view, layout_loops_ring
D:2:      layout_basic
D:3:      layout_basic, serial_shops, nicolae_shop_behind_doors,
          hellmonk_ecumenical_altar_run_dry, uniq_jessica
D:4:      layout_layer_cave, minmay_temple_entry_slanted, serial_shops, shop,
          portal_sewer_entry_b
D:5:      layout_cave_pools, hangedman_decor_push,
          hangedman_abyss_or_decor_stagger, uniq_edmund, uniq_pikel
D:6:      layout_basic, mainiacjoe_overflow_six_doors_small,
          minmay_misc_feat_room, uniq_crazy_yiuf_cottage
D:7:      layout_loops_ring, amethyst_overflow_temple_binary,
          kennysheep_generic_room_14
D:8:      layout_basic, st_stairs_11
D:9:      layout_basic, kennysheep_little_box, lair_entry_dummy
D:10:     layout_long_grid, david_orc_2, gammafunk_ghost_necromancy,
          nicolae_wooded_promenade, nicolae_specific_store,
          hangedman_decor_lopped, nicolae_concentric_dashed_squares_wild
D:11:     layout_loops_cross, zin_academy
Temple:   nicolae_temple_no_exploring_needed
Lair:1:   layout_long_grid, portal_ice_cave_entry_imps, grunt_megastairs_2,
          uniq_erica, uniq_grum, uniq_amaemon

Skill      XL: |  1  2  3  4  5  6  7  8  9 10 |
---------------+-------------------------------+-----
Stealth        | 2 |  2.4
Dodging        | 2 3 4 5 6 8 |  8.2
Necromancy     | 5 6 7 9 10 | 10.5
Fighting       | 1 2 4 5 6 8 |  8.5
Spellcasting   | 3 4 5 6 8 |  8.2

Action                     |  1- 3 |  4- 6 |  7- 9 | 10-12 || total
---------------------------+-------+-------+-------+-------++-------
  Melee: Dagger            |    11 |    19 |       |       ||    30
         Touch             |     1 |     4 |     9 |    22 ||    36
         Short sword       |       |     8 |    61 |    96 ||   165
   Cast: Necrotise         |    60 |    50 |   119 |    62 ||   291
         Vampiric Draining |       |     9 |    86 |   100 ||   195
         Curse of Agony    |       |       |       |     1 ||     1
    Use: Potion            |       |     1 |       |     1 ||     2
         Scroll            |       |       |     5 |    11 ||    16
   Stab: Sleeping          |       |       |     1 |       ||     1
 Armour: Robe              |     6 |    30 |    83 |   149 ||   268
         Scale mail        |       |    16 |    10 |       ||    26
  Dodge: Dodged            |    11 |    40 |    98 |   131 ||   280
